 Dungeon Crawl Stone Soup version 0.25-a0-589-g1e14c549ee (webtiles) character file.

Game seed: 15195217089318428016, levelgen mode: deterministic

103681 juliaBrune the Peltast (level 15, -1/148 HPs)
             Began as a Troll Monk on Mar 11, 2020.
             Was a High Priest of Cheibriados.
             Shot with a stone by a faun (13 damage)
             ... led by a satyr
             ... on level 2 of the Shoals.
             The game lasted 01:19:36 (22699 turns).

juliaBrune the Peltast (Troll Monk)                Turns: 22699, Time: 01:19:37

Health: -1/148     AC: 21    Str: 35    XL:     15   Next: 89%
Magic:  21/21      EV: 11    Int: 22    God:    Cheibriados [*****.]
Gold:   2094       SH:  0    Dex: 25    Spells: 14/14 levels left

rFire    . . .     SeeInvis +     - Unarmed
rCold    . . .     Gourm    +   n - +0 kite shield
rNeg     + + +     Faith    .   E - +4 steam dragon scales
rPois    .         Spirit   .   (helmet restricted)
rElec    +         Reflect  .   w - +1 cloak
rCorr    .         Harm     .   (gloves unavailable)
MR       .....                  (boots unavailable)
Stlth    +.........             g - amulet "Awiaruam" {RegenMP rElec rN+++ MR- Stlth+}
HPRegen  0.74/turn              Q - +4 ring of protection
MPRegen  0.42/turn              q - ring of see invisible

@: confused, slowed, glowing, studying Stealth, very slow
A: large, unfitting armour, claws 3, hooves 1, horns 1, fast metabolism 3,
gourmand, regeneration 1, shaggy fur 1, tough skin 3, wild magic 1
a: Bend Time, Temporal Distortion, Slouch, Step From Time, Renounce Religion


You were on level 2 of the Shoals.
You worshipped Cheibriados.
Cheibriados was extremely pleased with you.
You were very full.

You visited 5 branches of the dungeon, and saw 26 of its levels.
You also visited: Ossuary.

You collected 2626 gold pieces.
You spent 532 gold pieces at shops.

Inventory:

Hand Weapons
 D - a +3 dagger of draining
 P - a +3 rapier of electrocution
Missiles
 h - 34 large rocks (quivered)
 y - 45 poisoned darts
 R - 16 silver javelins
Armour
 n - a +0 kite shield (worn)
 w - a +1 cloak (worn)
 E - +4 steam dragon scales (worn)
 S - a +1 robe of the Archmagi
Jewellery
 g - the amulet "Awiaruam" (around neck) {RegenMP rElec rN+++ MR- Stlth+}
   (You acquired it on level 5 of the Dungeon)

   [amulet of magic regeneration]

   It increases your magic regeneration.
   It insulates you from electricity.
   It renders you almost immune to negative energy.
   It affects your resistance to hostile enchantments.
   It makes you more stealthy.
 i - an uncursed ring of fire
 q - a ring of see invisible (right claw)
 F - a +4 ring of protection
 I - a +3 ring of evasion
 Q - a +4 ring of protection (left claw)
Wands
 a - a wand of clouds (10)
 j - a wand of polymorph (9)
 k - a wand of paralysis (36)
 G - a wand of enslavement (3)
 H - a wand of flame (9)
 J - a wand of acid (29)
 L - a wand of digging (1)
Scrolls
 c - 21 scrolls of teleportation
 d - 2 scrolls of magic mapping
 f - 10 scrolls of remove curse
 l - 7 scrolls of identify
 t - 4 scrolls of fear
 B - 2 scrolls of immolation
 K - 7 scrolls of enchant weapon
 M - 2 scrolls of amnesia
Potions
 m - 3 potions of might
 o - 10 potions of brilliance
 p - a potion of flight
 r - a potion of cancellation
 s - 2 potions of magic
 u - 5 potions of lignification
 v - 6 potions of curing
 x - a potion of resistance
 z - 2 potions of ambrosia
 A - 5 potions of stabbing
 C - 3 potions of mutation
Books
 e - a manual of Stealth
Miscellaneous
 N - a fan of gales
 O - a box of beasts
Comestibles
 b - 33 rations


   Skills:
 * Level 9.4 Fighting
 - Level 9.0 Armour
 - Level 2.4 Dodging
 - Level 1.0 Stealth
 - Level 15.0 Shields
 - Level 15.0 Unarmed Combat
 - Level 10.0 Invocations
 - Level 1.9 Evocations


You had 14 spell levels left.
You didn't know any spells.
Your spell library contained the following spells:

 Spells                   Type           Power        Failure   Level  Hunger
 Shock                    Conj/Air       #...         24%         1    ##.....
 Blink                    Tloc           N/A          34%         2    ###....
 Shroud of Golubria       Chrm/Tloc      #.....       34%         2    ###....
 Swiftness                Chrm/Air       #.......     34%         2    ###....
 Gell's Gravitas          Tloc           #.........   54%         3    ####...
 Lesser Beckoning         Tloc           #.........   54%         3    ####...
 Static Discharge         Conj/Air       #.......     54%         3    ####...
 Teleport Other           Tloc           #.......     54%         3    ####...
 Airstrike                Air            #.........   90%         4    #####..
 Cause Fear               Hex            #.........   90%         4    #####..
 Passage of Golubria      Tloc           N/A          90%         4    #####..
 Summon Lightning Spire   Summ/Air       #.......     90%         4    #####..
 Lightning Bolt           Conj/Air       #.........   99%         5    ######.
 Silence                  Hex/Air        #.........   99%         5    ######.
 Yara's Violent Unravell  Hex/Tmut       #.........   99%         5    ######.
 Conjure Ball Lightning   Conj/Air       #.........   100%        6    #######
 Deflect Missiles         Chrm/Air       #.........   100%        6    #######
 Discord                  Hex            #.........   100%        8    #######
 Tornado                  Air            #.........   100%        9    #######


Dungeon Overview and Level Annotations

Branches:
Dungeon (15/15)            Temple (1/1) D:4            Lair (6/6) D:9
 Shoals (2/4) Lair:2       Spider (0/4) Lair:2        Slime (0/5) Lair:5
    Orc (2/2) D:11            Elf (0/3) Orc:2        Vaults (0/5) D:14
 Depths (0/5) D:15        Ossuary (visited)

Altars:
Ashenzari
Cheibriados
Dithmenos
Elyvilon
Fedhas
Gozag
Hepliaklqana
Kikubaaqudgha
Okawaru
Qazlal
Ru
Sif Muna
Trog
Yredelemnul
Zin
The Shining One
Beogh

Shops:
D:5 %?(   D:12 !   D:13 (   Orc:1 %((%   Orc:2 }%!?

Annotations:
Shoals:1 2 runed translucent doors, Oqejobuc's ghost, journeyman DDFi


Innate Abilities, Weirdness & Mutations

You are too large for most types of armour.
You have claws for hands.
Your metabolism is lightning-fast.
You like to eat raw meat.
Your natural rate of healing is unusually fast.
You are covered in fur. (AC +1)
You have extremely tough skin. (AC +3)
You have large cloven feet.
You have a pair of small horns on your head.
Your spells are a little harder to cast, but a little more powerful.


Message History

You are confused.
You feel invigorated.
The faun shouts!
The faun shoots a stone.
The stone hits you but does no damage.
The satyr shoots a sling bullet.
The sling bullet hits you!
* * * LOW HITPOINT WARNING * * *
The faun casts a spell at you.
You feel as though you will be slow longer.
The faun shoots a stone.
The stone hits you but does no damage.
The faun shoots a stone.
The stone hits you.
The satyr shoots a sling bullet.
The sling bullet closely misses you.
The faun shoots a stone.
The stone misses you.
The faun shoots a stone.
The stone hits you!
* * * LOW HITPOINT WARNING * * *
The faun shoots a stone.
The stone hits you but does no damage.
The satyr shoots a sling bullet.
The sling bullet hits you!!
* * * LOW HITPOINT WARNING * * *
The faun shoots a stone.
The stone hits you!
* * * LOW HITPOINT WARNING * * *
The faun shoots a stone.
The stone hits you!
You die...

.P≈≈≈≈≈≈≈≈≈≈≈≈≈≈≈≈≈≈≈≈≈≈≈
..≈≈≈.≈≈≈≈≈≈≈≈≈≈≈≈≈≈≈≈≈≈≈
..≈....≈≈≈≈≈≈≈≈≈≈≈≈≈c≈≈≈≈
......≈≈≈≈≈≈≈≈≈≈≈≈≈≈≈cc≈≈
..≈≈....≈≈≈≈≈≈≈≈≈≈≈c≈≈≈≈≈
.≈≈.....≈≈≈≈≈≈≈≈≈≈≈≈≈c...
.≈≈...≈≈≈≈≈≈≈≈≈≈≈≈≈≈≈..#
..≈##.≈≈≈≈≈≈≈...≈(≈≈.#
...##.≈≈≈≈≈≈....@≈≈≈.#
≈..##.≈≈≈≈≈.####.≈≈≈....#
.......≈≈≈≈.# #..≈≈≈≈≈..
≈......≈≈≈≈.# ##.≈≈≈≈≈..
≈.).....≈≈≈.. ###....#.
≈.(.)....≈≈≈≈. #####
≈≈(##.≈≈≈≈≈≈≈..
)≈##..≈≈≈≈≈≈≈≈.
.....≈≈..≈≈≈≈


You could see a satyr and 4 fauns.

Vanquished Creatures
  Nikola (Shoals:1)
  Agnes (D:15)
  Ilsuiw (Shoals:2)
  3 stone giants (Orc:2)
  A merfolk javelineer (Shoals:2)
  A yaktaur captain (D:15)
  7 hydras
  4 merfolk avatars
  2 catoblepae
  16 two-headed ogres
  3 death yaks (Lair:6)
  A merfolk aquamancer (Shoals:1)
  3 ogre magi
  4 centaur warriors
  A tengu warrior (D:15)
  Urug (Lair:5)
  A spriggan (Lair:2)
  A fire crab (Shoals:1)
  2 sea snakes (Lair:6)
  2 deep trolls (Orc:2)
  2 unseen horrors
  A harpy (Lair:6)
  An orc sorcerer (Orc:2)
  A necromancer (D:14)
  2 cyclopes
  8 ugly things
  5 manticores
  6 fauns
  5 elephants (Lair:6)
  Maurice (D:10)
  14 spiny frogs
  5 merfolk sirens
  3 black mambas
  2 gargoyles
  3 water nymphs
  Maggie (Lair:1)
  7 rime drakes
  13 komodo dragons
  A yaktaur (D:15)
  A tengu conjurer (D:15)
  A queen bee (shapeshifter) (D:14)
  11 trolls
  4 hornets
  14 merfolk
  A hornet (shapeshifter) (D:14)
  A wind drake (Shoals:1)
  2 polar bears (Lair:6)
  8 slime creatures
  6 hippogriffs
  19 blink frogs
  9 dream sheep
  3 snapping turtles (Shoals:2)
  A shadow (D:12)
  A vampire (D:12)
  3 wyverns
  2 wraiths
  3 fire bats (Shoals:1)
  5 water elementals
  3 basilisks
  Grum (D:9)
  A basilisk (shapeshifter) (D:15)
  A hungry ghost (D:7)
  5 vampire mosquitoes
  A steam dragon (D:10)
  19 yaks
  2 wargs
  An acid dragon (D:15)
  5 water moccasins
  Duvessa (D:5)
  6 porcupines
  4 ice beasts
  2 phantoms
  4 sky beasts
  5 orc warriors
  2 hornet zombies
  26 ogres
  36 wolves
  6 centaurs
  12 crocodiles
  2 big kobolds
  An elf zombie (Ossuary)
  13 bullfrogs
  Dowan (D:5)
  A water moccasin zombie (D:5)
  A wyvern skeleton (D:14)
  3 scorpions
  5 wights (D:9)
  9 killer bees
  A howler monkey (D:14)
  4 bullfrog zombies
  5 centaur zombies
  3 crimson imps
  2 jellies
  5 centaur skeletons
  10 orc priests
  7 hounds
  Crazy Yiuf (D:7)
  3 bullfrog skeletons
  An iguana (D:9)
  11 orc wizards
  8 worker ants
  2 big kobold zombies (Ossuary)
  3 ogre zombies (Ossuary)
  2 hound zombies
  2 hound skeletons
  8 mummies
  Robin (D:2)
  2 worker ant zombies
  7 gnolls
  13 adders
  3 shadow imps
  2 oozes
  5 adder zombies
  2 worms
  2 dart slugs (D:1)
  2 leopard geckos
  43 orcs
  2 giant cockroaches
  A gnoll zombie (Ossuary)
  15 goblins
  5 hobgoblins
  9 jackals
  3 quokkas
  3 ball pythons
  6 bats
  A frilled lizard (D:2)
  6 goblin zombies (Ossuary)
  2 hobgoblin zombies (Ossuary)
  24 kobolds
  2 kobold zombies (Ossuary)
  A leopard gecko skeleton (D:6)
  A leopard gecko zombie (D:8)
  3 quokka skeletons
  5 quokka zombies (Ossuary)
  2 rats
  4 rat zombies (Ossuary)
  2 bushes (Lair:6)
668 creatures vanquished.

Vanquished Creatures (others)
  29 bushes (Lair:6)
  18 fungi
  20 plants
67 creatures vanquished.

Grand Total: 735 creatures vanquished

Notes
Turn   | Place    | Note
-------+----------+-------------------------------------------
     0 | D:1      | juliaBrune the Troll Monk began the quest for the Orb.
     0 | D:1      | Reached XP level 1. HP: 22/22 MP: 0/0
   295 | D:1      | Reached XP level 2. HP: 29/29 MP: 1/1
  1083 | D:2      | Reached XP level 3. HP: 29/36 MP: 2/2
  1111 | D:2      | Noticed Robin
  1134 | D:2      | Killed Robin
  1216 | D:2      | Reached XP level 4. HP: 44/44 MP: 3/3
  1263 | D:2      | Reached skill level 5 in Unarmed Combat
  1445 | D:3      | Reached XP level 5. HP: 45/50 MP: 4/4
  1700 | D:3      | Found a faded altar of an unknown god.
  2245 | D:4      | Reached skill level 1 in Shields
  2270 | D:4      | Found a staircase to the Ecumenical Temple.
  2337 | Temple   | Entered the Ecumenical Temple
  2365 | Temple   | Became a worshipper of Cheibriados the Contemplative
  2365 | Temple   | Reached * piety under Cheibriados
  2365 | Temple   | Reached ** piety under Cheibriados
  2401 | D:4      | Reached XP level 6. HP: 55/59 MP: 5/5
  2499 | D:4      | Found a sacrificial altar of Ru.
  2861 | D:5      | Entered Level 5 of the Dungeon
  3049 | D:5      | Noticed Duvessa
  3050 | D:5      | Noticed Dowan
  3067 | D:5      | Killed Duvessa
  3067 | D:5      | Reached XP level 7. HP: 46/66 MP: 6/6
  3081 | D:5      | Killed Dowan
  3124 | D:5      | Found Zesozan's Food Emporium.
  3186 | D:5      | Found Rank's Magic Scroll Emporium.
  3192 | D:5      | Bought a scroll of enchant armour for 97 gold pieces
  3560 | D:5      | Found Riklif's Antique Weapon Boutique.
  3725 | D:6      | Reached *** piety under Cheibriados
  3776 | D:6      | Reached XP level 8. HP: 74/74 MP: 7/7
  3786 | D:6      | Found a sand-covered staircase.
  3795 | Ossuary  | Entered an ossuary
  3819 | Ossuary  | Reached skill level 10 in Unarmed Combat
  3929 | Ossuary  | Reached skill level 1 in Invocations
  3932 | Ossuary  | Reached skill level 1 in Evocations
  4171 | Ossuary  | Reached **** piety under Cheibriados
  4341 | D:6      | Gained mutation: You tend to lose your temper in combat.
                  | [potion of mutation]
  4341 | D:6      | Gained mutation: You are dopey. (Int -2) [potion of
                  | mutation]
  4341 | D:6      | Gained mutation: You are agile. (Dex +2) [potion of
                  | mutation]
  4342 | D:6      | Lost mutation: You are dopey. (Int -2) [potion of mutation]
  4342 | D:6      | Lost mutation: You tend to lose your temper in combat.
                  | [potion of mutation]
  4342 | D:6      | Lost mutation: You are agile. (Dex +2) [potion of mutation]
  4342 | D:6      | Gained mutation: You have large cloven feet. [potion of
                  | mutation]
  4342 | D:6      | Gained mutation: Your spells are a little harder to cast,
                  | but a little more powerful. [potion of mutation]
  4342 | D:6      | Gained mutation: You have a pair of small horns on your
                  | head. [potion of mutation]
  5041 | D:7      | Reached XP level 9. HP: 80/80 MP: 9/9
  5311 | D:7      | Found a runed translucent door.
  5312 | D:7      | Noticed Crazy Yiuf
  5316 | D:7      | Killed Crazy Yiuf
  5413 | D:7      | Reached skill level 5 in Shields
  5619 | D:8      | Reached ***** piety under Cheibriados
  6327 | D:9      | Found a staircase to the Lair.
  6489 | D:9      | Found a shadowy altar of Dithmenos.
  6567 | D:9      | Reached XP level 10. HP: 88/88 MP: 10/10
  6948 | D:10     | Entered Level 10 of the Dungeon
  7500 | D:10     | Noticed a two-headed ogre
  7508 | D:10     | Killed a two-headed ogre
  7509 | D:10     | Reached ****** piety under Cheibriados
  7522 | D:10     | Noticed Maurice
  7734 | D:10     | Reached skill level 5 in Invocations
  7737 | D:10     | Killed Maurice
  7847 | D:5      | Bought a scroll of enchant armour for 97 gold pieces
  7847 | D:5      | Bought a scroll of enchant armour for 97 gold pieces
  7847 | D:5      | Bought a scroll of magic mapping for 45 gold pieces
  7847 | D:5      | Bought a scroll of identify for 26 gold pieces
  7847 | D:5      | Identified a scroll of acquirement
  7850 | D:5      | Identified the amulet "Awiaruam" {RegenMP rElec rN+++ MR-
                  | Stlth+} (You acquired it on level 5 of the Dungeon)
  8556 | D:11     | Killed an unseen horror
  8743 | D:11     | Found a staircase to the Orcish Mines.
  8747 | D:11     | Found a roughly hewn altar of Beogh.
  8782 | D:11     | Noticed a gargoyle
  8790 | D:11     | Killed a gargoyle
  9112 | D:12     | Noticed a manticore
  9121 | D:12     | Killed a manticore
  9121 | D:12     | Reached XP level 11. HP: 76/94 MP: 16/16
  9162 | D:12     | Found Ovvuacid's Distillery.
  9189 | D:12     | Bought 2 potions of might for 80 gold pieces
  9189 | D:12     | Bought a potion of curing for 30 gold pieces
  9189 | D:12     | Bought a potion of curing for 30 gold pieces
  9189 | D:12     | Bought a potion of curing for 30 gold pieces
  9466 | D:12     | Noticed a white ugly thing
  9479 | D:12     | Killed a white ugly thing
  9732 | D:12     | Noticed a purple ugly thing
  9745 | D:12     | Killed a purple ugly thing
  9841 | D:12     | Reached skill level 10 in Invocations
  9968 | Lair:1   | Entered Level 1 of the Lair of Beasts
  9968 | Lair:1   | Noticed Grum
  9984 | D:9      | Killed Grum
 10005 | Lair:1   | Reached skill level 1 in Armour
 10256 | Lair:1   | Reached skill level 10 in Shields
 10297 | Lair:1   | Noticed Maggie
 10306 | Lair:1   | Killed Maggie
 10756 | Lair:2   | Noticed a six-headed hydra
 10795 | Lair:2   | Killed a six-headed hydra
 11185 | Lair:2   | Noticed a spriggan rider
 11198 | Lair:2   | Reached XP level 12. HP: 86/104 MP: 18/18
 11279 | Lair:2   | Found a staircase to the Shoals.
 11399 | Lair:2   | Found a hole to the Spider Nest.
 11717 | Lair:3   | Noticed a five-headed hydra
 11737 | Lair:3   | Killed a five-headed hydra
 13492 | Lair:5   | Found a staircase to the Slime Pits.
 13831 | Lair:5   | Noticed a seven-headed hydra
 13840 | Lair:5   | Killed a seven-headed hydra
 14149 | Lair:5   | Noticed Urug
 14168 | Lair:5   | Killed Urug
 14168 | Lair:5   | Reached XP level 13. HP: 99/110 MP: 19/19
 14265 | Lair:6   | Entered Level 6 of the Lair of Beasts
 14326 | Lair:6   | Reached skill level 5 in Armour
 14474 | Lair:6   | Paralysed by a hornet for 1 turns
 14509 | Lair:6   | Reached skill level 15 in Shields
 16283 | D:13     | Reached XP level 14. HP: 118/118 MP: 20/20
 16378 | D:13     | Found Ponuid's Antique Weapon Boutique.
 17353 | D:14     | Found a gate to the Vaults.
 17620 | D:14     | Found a glowing golden altar of the Shining One.
 18218 | D:15     | Entered Level 15 of the Dungeon
 18269 | D:15     | Found a blossoming altar of Fedhas.
 18269 | D:15     | Noticed Agnes
 18277 | D:15     | Killed Agnes
 19263 | D:15     | Found a staircase to the Depths.
 19653 | Orc:1    | Entered Level 1 of the Orcish Mines
 19722 | Orc:1    | Found Rulucaenn's Weapon Emporium.
 19815 | Orc:1    | Found Suelix's Food Shoppe.
 19977 | Orc:1    | You fall into a shaft and drop 1 floor!
 19977 | Orc:2    | Entered Level 2 of the Orcish Mines
 19977 | Orc:2    | Found Pyerphos's Magic Scroll Boutique.
 19977 | Orc:2    | Found Oroted's Food Emporium.
 19977 | Orc:2    | Found Poje's Gadget Shoppe.
 19978 | Orc:2    | Noticed a stone giant
 19978 | Orc:2    | Noticed a stone giant
 19980 | Orc:2    | Reached XP level 15. HP: 122/124 MP: 10/21
 19980 | Orc:2    | Reached skill level 15 in Unarmed Combat
 19994 | Orc:2    | Found Lifu's Distillery.
 20277 | Orc:2    | Reached skill level 5 in Fighting
 20557 | Orc:2    | Found a staircase to the Elven Halls.
 20585 | Orc:2    | Paralysed by an orc sorcerer for 3 turns
 20726 | Orc:2    | Found a bloodstained altar of Trog.
 20803 | Orc:1    | Found Bygeria's Antique Weapon Boutique.
 20893 | Orc:1    | Found Xeti's Food Emporium.
 21192 | Shoals:1 | Entered Level 1 of the Shoals
 21198 | Shoals:1 | Noticed Nikola
 21209 | Shoals:1 | Killed Nikola
 21443 | Shoals:1 | Found a large runed translucent door.
 21443 | Shoals:1 | Found a large runed translucent door.
 21444 | Shoals:1 | Noticed Oqejobuc's ghost (journeyman DDFi)
 21821 | Shoals:2 | Noticed Ilsuiw
 21910 | Shoals:2 | Killed Ilsuiw
 22699 | Shoals:2 | Shot with a stone by a faun

Levels and vault maps discovered:
D:1:      minmay_arrival_arboretum_small, layout_loops_corners
D:2:      layout_basic, first_ration, uniq_robin
D:3:      layout_basic, chequers_ecumenical_altar_island
D:4:      layout_basic, temple_pool_b, nrook_uturn,
          nicolae_ru_sacrificial_ziggurat
D:5:      layout_loops_ring, serial_shops, shop, nicolae_shop_stone,
          kennysheep_mini, uniq_duvessa
D:6:      layout_loops_cross, gup_ossuary_entry_pyramid, serial_undead,
          serial_undead_b, serial_undead_f, serial_undead_d, serial_undead_a
D:7:      cheibrodos_helix_gallery, layout_loops_corners,
          uniq_crazy_yiuf_cottage
D:8:      layout_loops_ring
D:9:      layout_gridville, nicolae_dithmenos_through_a_glass_darkly,
          lair_entry_dummy
D:10:     layout_layer_cave, serial_glass, glass_columns_a, glass_columns_a,
          uniq_maurice
D:11:     layout_rooms, minmay_orc_entry_temple_small, serial_curves,
          eino_curves_02, eino_curves_03
D:12:     layout_irregular_city, serial_shops, shop
D:13:     layout_basic, serial_shops, shop_fountains
D:14:     layout_rooms, david_vaults_1, tso_metal_star, serial_glass,
          glass_columns_a, glass_columns_a, item_on_display_a
D:15:     grunt_enter_depths_snipers, layout_basic, basic_altar,
          minmay_fountain_box, uniq_agnes
Temple:   grunt_wide_crystal_templ
Lair:1:   layout_regular_city, uniq_maggie, uniq_grum
Lair:2:   layout_gridlike, shoals_dummy_entry, spider_nest_entry_web_field,
          grunt_forest_large_clearings
Lair:3:   layout_cave_pods
Lair:4:   layout_regular_city
Lair:5:   layout_regular_city, slime_dummy, serial_forest,
          infiniplex_forest_clump_diagonal, infiniplex_forest_clump_small,
          infiniplex_forest_straight_2, infiniplex_forest_lined_1,
          infiniplex_forest_clump_curved, infiniplex_forest_clump_large,
          uniq_urug
Lair:6:   gammafunk_lair_ancient_temple, layout_cave_pods, minmay_hedge_maze
Shoals:1: layout_shoals, ebering_ghost_disaster_area, hangedman_shoal_volcano,
          uniq_nikola
Shoals:2: layout_shoals, uniq_ilsuiw
Orc:1:    layout_caves, serial_shops, nicolae_shop_trees, nicolae_shop_trees,
          shop, shop
Orc:2:    st_orc_open, layout_caves, lemuel_statue_altar

Skill      XL: |  1  2  3  4  5  6  7  8  9 10 11 12 13 14 15 |
---------------+----------------------------------------------+-----
Unarmed Combat | 4 5 6 8 9 10 14 15 | 15.0
Shields        | 1 4 8 9 11 14 15 | 15.0
Invocations    | 2 8 10 | 10.0
Evocations     | 1 |  1.9
Armour         | 2 4 9 |  9.0
Fighting       | 9 |  9.4
Dodging        | |  2.4
Stealth        | |  1.0

Action                   |  1- 3 |  4- 6 |  7- 9 | 10-12 | 13-15 || total
-------------------------+-------+-------+-------+-------+-------++-------
Melee: Unarmed           |    97 |   143 |   329 |   462 |   662 ||  1693
       Punch             |     3 |       |       |       |       ||     3
       Kick              |       |       |    55 |   243 |   403 ||   701
       Headbutt          |       |       |    52 |   140 |   262 ||   454
       Dagger            |       |       |       |    18 |    24 ||    42
Invok: Slouch            |       |       |       |     1 |    17 ||    18
       Step From Time    |       |       |       |       |     1 ||     1
Evoke: Wand              |       |       |       |       |     8 ||     8
  Use: Scroll            |       |       |    18 |    19 |     2 ||    39
       Potion            |       |       |     2 |     3 |     5 ||    10
 Stab: Sleeping          |     1 |     4 |    13 |    16 |    15 ||    49
       Distracted        |       |       |       |     1 |     5 ||     6
  Eat: Chunk             |    12 |    17 |    24 |    59 |    60 ||   172
Armor: Robe              |    44 |    53 |    48 |     2 |       ||   147
       Steam dragon scal |       |       |       |   191 |   285 ||   476
Dodge: Dodged            |    48 |    33 |    99 |   249 |   289 ||   718
Block: Kite shield       |    21 |    51 |   168 |   431 |   584 ||  1255

Table legend:
 A = Non-vault XP
 B = Vault XP
 C = Vault XP percentage of total XP
 D = Non-vault monster count
 E = Vault monster count
 F = Vault count percentage of total count
                 A         B        C        D         E       F
            +---------+---------+-------+---------+---------+-------
      Total |   93576 |   54540 |  36.8 |     473 |     193 |  29.0
            +---------+---------+-------+---------+---------+-------
        D:1 |      36 |       0 |   0.0 |      19 |       0 |   0.0
        D:2 |      43 |      36 |  45.6 |      10 |      12 |  54.5
        D:3 |     197 |       0 |   0.0 |      27 |       0 |   0.0
        D:4 |     121 |       0 |   0.0 |      13 |       0 |   0.0
        D:5 |     621 |     228 |  26.9 |      17 |       2 |  10.5
        D:6 |     439 |     190 |  30.2 |      10 |       7 |  41.2
        D:7 |     740 |      52 |   6.6 |      21 |       2 |   8.7
        D:8 |    1461 |       0 |   0.0 |      29 |       0 |   0.0
        D:9 |    1448 |     188 |  11.5 |      24 |       1 |   4.0
       D:10 |    1866 |     457 |  19.7 |      14 |       1 |   6.7
       D:11 |    1649 |      96 |   5.5 |      13 |       6 |  31.6
       D:12 |    5561 |       0 |   0.0 |      31 |       0 |   0.0
       D:13 |    3167 |       0 |   0.0 |      14 |       0 |   0.0
       D:14 |   12708 |    1469 |  10.4 |      31 |       2 |   6.1
       D:15 |   11908 |    4508 |  27.5 |      25 |       4 |  13.8
     Lair:1 |    1061 |     869 |  45.0 |       4 |       5 |  55.6
     Lair:2 |    3803 |    4557 |  54.5 |      14 |      33 |  70.2
     Lair:3 |    3834 |       0 |   0.0 |      12 |       0 |   0.0
     Lair:4 |    1904 |       0 |   0.0 |      11 |       0 |   0.0
     Lair:5 |    5567 |     839 |  13.1 |      20 |       1 |   4.8
     Lair:6 |   15086 |   10363 |  40.7 |      39 |      26 |  40.0
   Shoals:1 |    5546 |    8230 |  59.7 |      15 |      11 |  42.3
   Shoals:2 |    9914 |    4702 |  32.2 |      25 |       6 |  19.4
      Orc:1 |     802 |       0 |   0.0 |      16 |       0 |   0.0
      Orc:2 |    4094 |   17270 |  80.8 |      19 |      37 |  66.1
    Ossuary |       0 |     486 | 100.0 |       0 |      37 | 100.0
            +---------+---------+-------+---------+---------+-------
